 Dungeon Crawl Stone Soup version 0.15-a0-1854-g6489380 (webtiles) character file.

1284 JogiH the Sneak (level 8, -2/40 HPs)
             Began as a Vine Stalker Transmuter on July 3, 2014.
             Was a Follower of Kikubaaqudgha.
             Slain by a hippogriff (4 damage)
             ... on Level 7 of the Dungeon.
             The game lasted 00:32:13 (5319 turns).

JogiH the Sneak (Vine Stalker Transmuter)           Turns: 5319, Time: 00:32:13

HP  -2/40        AC  4     Str 12      XL: 8   Next: 55%
MP   0/19        EV 13     Int 15      God: Kikubaaqudgha [*.....]
Gold 332         SH  5     Dex 16      Spells:  6 memorised,  3 levels left

rFire  . . .     SeeInvis .       - Unarmed
rCold  . . .     Clarity  .     c - +0 robe
rNeg   + . .     rCorr    .     y - +0 buckler
rPois  +         rRot     +     (no helmet)
rElec  .         Spirit   +     r - +0 cloak
SustAb .         Warding  .     q - +0 pair of gloves
rMut   .         Stasis   .     (no boots)
Gourm  .                        (no amulet)
MR     +....                    o - ring of poison resistance
                                f - ring of positive energy

@: very slightly contaminated, somewhat resistant to hostile enchantments,
fairly stealthy
A: fangs 3, regeneration 2, magic shield, antimagic bite, no device heal 3, rot
immunity
a: Receive Corpses, Renounce Religion


You were on level 7 of the Dungeon.
You worshipped Kikubaaqudgha.
Kikubaaqudgha was aware of your devotion.
You were hungry.

You visited 1 branch of the dungeon, and saw 7 of its levels.

You collected 332 gold pieces.

Inventory:

Hand weapons
 k - a cursed -2 dagger
Missiles
 b - 12 arrows
Armour
 c - a +0 robe (worn)
 q - a +0 pair of gloves (worn)
 r - a +0 cloak (worn)
 y - a +0 buckler (worn)
Magical devices
 n - a wand of slowing (11) {unknown}
 x - a wand of confusion (15) {unknown}
 N - a wand of random effects (18) {unknown}
Comestibles
 a - 6 bread rations
 h - 2 meat rations
 u - 7 fruits
 z - a beef jerky
 I - a chunk of hound flesh
 M - 2 chunks of big kobold flesh
 P - 2 chunks of kobold flesh
 Q - 2 chunks of kobold flesh
 R - a slice of pizza
Scrolls
 e - 4 scrolls of identify {unknown}
 m - 3 scrolls of amnesia {unknown}
 p - 2 scrolls of noise {unknown}
 v - 2 scrolls of remove curse {unknown}
 w - 2 scrolls of enchant weapon {unknown}
 A - a scroll of recharging {unknown}
 D - 3 scrolls of teleportation {unknown}
 G - 2 scrolls of enchant armour {unknown}
 H - a scroll of torment {unknown}
 J - a scroll of immolation {unknown}
Jewellery
 f - a ring of positive energy (left hand)
 o - a ring of poison resistance (right hand)
 t - a +1 ring of evasion
Potions
 g - a potion of degeneration {unknown}
 i - a potion of might {unknown}
 j - a potion of invisibility {unknown}
 l - 2 potions of magic {unknown}
 s - a potion of resistance {unknown}
 B - a potion of restore abilities {unknown}
 E - a potion of haste {unknown}
 F - a potion of brilliance {unknown}
 K - 2 potions of paralysis {unknown}
Books
 d - a book of Changes

   Spells                             Type                      Level
   *Beastly Appendage                 Transmutation                1
   Sticks to Snakes                   Transmutation                2
   *Spider Form                       Transmutation/Poison         3
   Ice Form                           Ice/Transmutation            4
   Blade Hands                        Transmutation                5
 C - the Compendium of Levity
   (You found it on level 5 of the Dungeon)

   Spells                             Type                      Level
   *Pain                              Necromancy                   1
   Animate Dead                       Necromancy                   4
   Control Undead                     Necromancy                   4
   Twisted Resurrection               Necromancy                   5
   Death Channel                      Necromancy                   6
 O - Kikubaaqudgha's Grimoire of Stolen Souls
   (Kikubaaqudgha gifted it to you on level 6 of the Dungeon)

   Spells                             Type                      Level
   *Animate Skeleton                  Necromancy                   1
   *Corpse Rot                        Necromancy                   2
   Sublimation of Blood               Necromancy                   2
   *Vampiric Draining                 Necromancy                   3
   Control Undead                     Necromancy                   4
Magical staves
 L - an uncursed staff of fire


   Skills:
 * Level 3.4 Fighting
 + Level 3.3 Dodging
 * Level 5.4 Stealth
 * Level 2.4 Shields
 + Level 4.2 Unarmed Combat
 + Level 3.9 Spellcasting
 * Level 2.7 Necromancy
 * Level 3.4 Transmutations
 - Level 2.0 Poison Magic


You had 3 spell levels left.
You knew the following spells:

 Your Spells              Type           Power        Failure   Level  Hunger
a - Beastly Appendage     Trmt           ##....       6%          1    None
b - Spider Form           Trmt/Pois      ##........   21%         3    ###....
c - Pain                  Necr           ##..         8%          1    None
d - Animate Skeleton      Necr           N/A          8%          1    None
e - Corpse Rot            Necr           N/A          12%         2    ##.....
f - Vampiric Draining     Necr           ##........   21%         3    ###....


Dungeon Overview and Level Annotations

Branches:
Dungeon (7/15)
 Temple: D:4-7

Altars:
Elyvilon
Gozag
Kikubaaqudgha
Sif Muna

Shops:
D:2 *

Annotations:
D:5 Grinder


Innate Abilities, Weirdness & Mutations

You have razor-sharp teeth.*
You heal very quickly.
When hurt, damage is shared between your health and your magic reserves.
Your bite disrupts and absorbs the magic of your enemies.*
Potions and wands cannot restore your health.
You are immune to rotting.


Message History

The hippogriff claws you but does no damage.
Casting: Spider Form
Confirm with . or Enter, or press ? or * to list all spells.
Aiming: Vampiric Draining
Press: ? - help, Shift-Dir - straight line, f - hippogriff
Aim: a hippogriff (lightly wounded, poisoned)
You miscast Vampiric Draining.
You feel very uncomfortable. The hippogriff bites you.
* * * LOW HITPOINT WARNING * * *
The hippogriff pecks you.
* * * LOW HITPOINT WARNING * * *
You block the hippogriff's attack.
Casting: Vampiric Draining
Confirm with . or Enter, or press ? or * to list all spells.
You don't have enough magic to cast that spell.
You open the door. The hippogriff bites you!
* * * LOW HITPOINT WARNING * * *
The hippogriff misses you. The hippogriff claws you.
You die...
Kikubaaqudgha rasps: "You have failed me!
Welcome... death!"

#. ##..###+##.....#..#...
.. +........+.....#..#.Z.
...
#........#.....##.#...
.##.
##.......##+#...#.##.. #.
#..........'...'()'.. .
+.......##.#...##)#..
#.......##.#.%..#)##.
###'######.#....)..#.
..##...@H..##.+....#.(#.
...............#....#..+.
#.####.##..####....####.
#. #..# ....### #
.......#....+
##......+....#
#......#....# #.###.##
..# . ###


You could see a hippogriff.

Vanquished Creatures
  A black bear (D:7)
  A phantom (D:4)
  A centaur (D:6)
  An ogre (D:4)
  A giant frog (D:6)
  A big kobold (D:7)
  2 jellies (D:6)
  A yellow wasp zombie (D:6)
  A crimson imp (D:6)
  An orc priest (D:3)
  3 hounds
  An iguana (D:4)
  5 orc wizards
  7 worker ants
  Jessica (D:6)
  A hound skeleton (D:5)
  3 gnolls (D:6)
  2 adders
  3 giant mites
  A worm (D:2)
  An ooze (D:1)
  13 orcs
  3 ball pythons
  3 giant cockroaches
  6 goblins
  10 hobgoblins
  11 jackals
  9 kobolds
  4 quokkas
  10 bats
  5 giant geckos
  4 giant newts
  A hobgoblin skeleton (D:4)
  A hobgoblin zombie (D:5)
  An orc zombie (D:5)
  11 rats
131 creatures vanquished.

Vanquished Creatures (others)
  A big kobold skeleton (D:7)
  A human skeleton (D:6)
  2 kobold skeletons (D:7)
4 creatures vanquished.

Grand Total: 135 creatures vanquished

Notes
Turn   | Place    | Note
--------------------------------------------------------------
     0 | D:1      | JogiH, the Vine Stalker Transmuter, began the quest for the Orb.
     0 | D:1      | Reached XP level 1. HP: 9/9 MP: 3/3
    36 | D:1      | Reached skill level 1 in Fighting
   259 | D:1      | Reached XP level 2. HP: 9/14 MP: 1/5
   262 | D:1      | Reached skill level 1 in Stealth
   605 | D:1      | Reached XP level 3. HP: 18/18 MP: 7/7
  1080 | D:2      | Found an opulent altar of Gozag.
  1080 | D:2      | Found Gozag's Platinum Reserve.
  1460 | D:2      | Learned a level 3 spell: Spider Form
  1809 | D:3      | Reached XP level 4. HP: 18/22 MP: 3/9
  1869 | D:3      | Found an ancient bone altar of Kikubaaqudgha.
  2042 | D:3      | Reached XP level 5. HP: 25/25 MP: 12/12
  2114 | D:4      | Reached skill level 1 in Poison Magic
  2246 | D:5      | Entered Level 5 of the Dungeon
  2400 | D:4      | Found a white marble altar of Elyvilon.
  2560 | D:3      | Reached skill level 1 in Shields
  3114 | D:3      | Gained mutation: You heal very quickly. [vine stalker growth]
  3114 | D:3      | Reached XP level 6. HP: 10/30 MP: 3/14
  3474 | D:4      | Noticed a phantom
  3528 | D:4      | Killed a phantom
  3559 | D:4      | Noticed an ogre
  3569 | D:4      | Killed an ogre
  3569 | D:4      | Reached XP level 7. HP: 28/35 MP: 10/16
  3705 | D:4      | Reached skill level 4 in Unarmed Combat
  3827 | D:5      | Identified the Compendium of Levity
  3830 | D:5      | Learned a level 1 spell: Pain
  3830 | D:5      | Noticed Grinder
  3923 | D:3      | Became a worshipper of Kikubaaqudgha
  4302 | D:6      | Reached skill level 1 in Necromancy
  4544 | D:6      | Acquired Kikubaaqudgha's first power
  4544 | D:6      | Received a gift from Kikubaaqudgha
  4545 | D:6      | Identified Kikubaaqudgha's Grimoire of Stolen Souls (Kikubaaqudgha gifted it to you on level 6 of the Dungeon)
  4558 | D:6      | Learned a level 1 spell: Animate Skeleton
  4561 | D:6      | Learned a level 2 spell: Corpse Rot
  4565 | D:6      | Learned a level 3 spell: Vampiric Draining
  4634 | D:6      | Noticed Jessica
  4670 | D:6      | Killed Jessica
  4703 | D:6      | Found a deep blue altar of Sif Muna.
  4854 | D:6      | Gained mutation: You have razor-sharp teeth. [vine stalker growth]
  4854 | D:6      | Reached XP level 8. HP: 31/39 MP: 7/18
  5001 | D:6      | Your ally Jessica died
  5133 | D:6      | Reached skill level 5 in Stealth
  5236 | D:7      | Noticed a hippogriff
  5319 | D:7      | HP: 2/40 [hippogriff (7)]
  5319 | D:7      | Slain by a hippogriff

Action                   |  1- 3 |  4- 6 |  7- 9 || total
-------------------------+-------+-------+-------++-------
Melee: Unarmed           |   116 |   154 |   198 ||   468
 Cast: Beastly Appendage |    22 |    19 |    18 ||    59
       Spider Form       |     2 |     7 |     8 ||    17
       Pain              |       |       |    11 ||    11
       Animate Skeleton  |       |       |     5 ||     5
       Vampiric Draining |       |       |     1 ||     1
 Stab: Sleeping          |     2 |     2 |     7 ||    11
